 Dungeon Crawl Stone Soup version 0.30.1-5-ged363bc7ee (webtiles) character file.

Game seed: 639474133219607695

263 Arctor the Ruffian (level 5, 0/45 HPs)
             Began as a Draconian Transmuter on Sept 19, 2023.
             Succumbed to a scorpion's poison
             ... on level 4 of the Dungeon.
             The game lasted 00:04:34 (3445 turns).

Arctor the Ruffian (Draconian Transmuter)           Turns: 3445, Time: 00:04:34

Health: 0/45       AC:  6    Str: 17    XL:     5   Next: 97%
Magic:  9/9        EV: 12    Int: 15    God:
Gold:   175        SH:  0    Dex: 11    Spells: 9/10 levels left

rFire   . . .        c - +2 dagger (pain)
rCold   . . .        (no shield)
rNeg    + . .        (body armour unavailable)
rPois   .            (helmet restricted)
rElec   .            (no cloak)
rCorr   .            n - +0 pair of gloves
SInv    .            (no boots)
Will    .....        (no amulet) Stlth
                     j - ring of Faetytit {rN+ Str+4 Stlth-}
HPRegen 0.27/turn    (no ring)
MPRegen 0.11/turn

%: no passive effects
@: lethally poisoned (0 -> -11)
A: AC +5, unfitting armour, cold-blooded
a: no special abilities


You were on level 4 of the Dungeon.
You visited 1 branch of the dungeon, and saw 5 of its levels.

You collected 175 gold pieces.

Inventory:

Hand Weapons
 c - a +2 dagger of pain (weapon)
Armour
 n - a +0 pair of gloves (worn)
Jewellery
 j - the ring of Faetytit (left hand) {rN+ Str+4 Stlth-}
   (You found it on level 2 of the Dungeon)

   [ring of positive energy]

   Str:       It affects your strength (+4).
   rN:        It protects you from negative energy.
   Stlth:     It makes you less stealthy.
Scrolls
 b - 2 scrolls of teleportation
 f - a scroll of amnesia
 g - a scroll of blinking
 q - a scroll of immolation {unknown}
 r - a scroll of enchant weapon {unknown}
 s - a scroll of noise {unknown}
 t - a scroll of identify
 u - a scroll of poison {unknown}
 v - a scroll of magic mapping {unknown}
 w - a scroll of torment {unknown}
Potions
 a - a potion of lignification
 d - a potion of haste {unknown}
 e - 3 potions of flight {unknown}
 h - 2 potions of curing {unknown}
 i - 2 potions of invisibility {unknown}
 k - a potion of heal wounds {unknown}
 l - a potion of degeneration {unknown}
 m - 2 potions of berserk rage {unknown}
 o - a potion of brilliance {unknown}
 p - a potion of magic {unknown}


   Skills:
 + Level 3.0 Fighting
 + Level 2.9 Dodging
 + Level 3.9 Unarmed Combat
 + Level 3.2 Spellcasting
 + Level 3.2 Transmutations


You had 9 spell levels left.
You knew the following spells:

 Your Spells              Type           Power      Damage    Failure   Level
a - Beastly Appendage     Tmut           24%        N/A       5%          1

Your spell library contained the following spells:

 Spells                   Type           Power      Damage    Failure   Level
 Wereblood                Tmut           12%        N/A       8%          2
 Spider Form              Tmut/Pois      7%         N/A       30%         3
 Ice Form                 Ice/Tmut       7%         N/A       69%         4


Dungeon Overview and Level Annotations

Branches:
Dungeon (5/15)
 Temple: D:4-7

Altars:
Fedhas

Portals:
Abyss: D:3

Annotations:
D:3 2 transporters, OlManJenkins's ghost, amateur DjIE


Innate Abilities, Weirdness & Mutations

Your plain brown scales are hard. (AC +5)
You cannot fit into any form of body armour.
You are cold-blooded and may be slowed by cold attacks.


Message History

You hit the orc. Your kick misses the orc.
You headbutt the orc, but do no damage.
The orc is heavily wounded.
Your horns disappear.
Your talons disappear.
You feel sick. The scorpion misses you. The orc misses you.
You hit the orc.
The orc is severely wounded.
You feel sick. The scorpion stings you.
You are more poisoned.
The scorpion poisons you! The orc hits you but does no damage.
You hit the scorpion but do no damage.
Your tail-slap misses the scorpion.
The scorpion is lightly wounded.
You feel very sick. The scorpion closely misses you. The orc misses you.
You hit the orc but do no damage.
The orc is severely wounded.
You feel very sick. The scorpion stings you. The orc closely misses you.
The scorpion closely misses you.
You closely miss the scorpion.
You tail-slap the scorpion, but do no damage.
The scorpion is lightly wounded.
You feel sick. The scorpion stings you.
* * * LOW HITPOINT WARNING * * *
The orc barely misses you.
You hit the orc.
Your tail-slap misses the orc.
The orc is severely wounded.
You feel sick.
The scorpion stings you but does no damage.
The orc hits you with a +0 short sword.
* * * LOW HITPOINT WARNING * * *
You closely miss the scorpion.
The scorpion is lightly wounded.
You feel sick. The scorpion stings you.
* * * LOW HITPOINT WARNING * * *
You are more poisoned.
The scorpion poisons you! The orc closely misses you.
You closely miss the orc.
The orc is severely wounded.
You die...

#.....##.#####
#..........
#####.)..........#
###....######
<................#
##......#
##########.......#
#..###### #.......###.##
###.....##..#
######.......#..#######
#.......######.##.....##
#..........o@so........##
#..)....#########.......#
#.........# #.....#.#
#.........# #.....#.##
#.........# ######...#
#.........# #...#
#####.....# #...# #.....#
#..†#### ####### #.....).


You could see a scorpion and 2 orcs.

Vanquished Creatures
  An ogre (D:4)
  A sleepcap (D:4)
  An orc wizard (D:3)
  5 adders
  A worm (D:2)
  A dart slug (D:3)
  9 orcs
  5 ball pythons
  9 endoplasms
  5 giant cockroaches
  5 goblins
  4 hobgoblins
  2 jackals (D:2)
  5 kobolds
  3 quokkas
  5 bats
  3 frilled lizards (D:2)
  5 rats
70 creatures vanquished.

Notes
Turn   | Place    | Note
-------+----------+-------------------------------------------
     0 | D:1      | Arctor the Draconian Transmuter began the quest for the
                  | Orb.
     0 | D:1      | Reached XP level 1. HP: 16/16 MP: 3/3
   739 | D:2      | Identified the +1 dagger "Suh Gah" {drain, Int+8 Stlth+}
   767 | D:2      | Reached XP level 2. HP: 21/23 MP: 3/5
   812 | D:2      | Identified the ring of Faetytit {rN+ Str+4 Stlth-}
  1090 | D:2      | Reached XP level 3. HP: 23/29 MP: 4/6
  1817 | D:3      | Found a one-way gate to the infinite horrors of the Abyss.
  1817 | D:3      | Noticed OlManJenkins's ghost (amateur DjIE)
  1829 | D:3      | Found a transporter.
  1832 | D:3      | Noticed a small abomination
  1872 | D:3      | Reached XP level 4. HP: 6/36 MP: 4/7
  2115 | D:3      | Found a blossoming altar of Fedhas.
  2378 | D:3      | Found a transporter.
  2708 | D:4      | Reached XP level 5. HP: 9/42 MP: 7/9
  3129 | D:4      | Noticed an ogre
  3139 | D:4      | Killed an ogre
  3425 | D:5      | Entered Level 5 of the Dungeon
  3428 | D:5      | Noticed an ogre
  3444 | D:4      | HP: 1/45 [scorpion (5)]
  3445 | D:4      | Succumbed to a scorpion's poison

Illustrated notes

Levels and vault maps discovered:
D:1:      ncdulo_lavacross, layout_loops_cross
D:2:      minmay_general_purpose_star, layout_basic, fountainhead
D:3:      layout_loops_ring, lemuel_crystal_altar,
          gammafunk_ghost_abyssal_escape
D:4:      layout_basic
D:5:      layout_cave_pools, mainiacjoe_overflow_brackets, serial_shops, shop,
          hangedman_decor_clover_reticule

Skill      XL: |  1  2  3  4  5 |
---------------+----------------+-----
Dodging        | 2 |  2.9
Fighting       | 2 3 |  3.0
Transmutations | 3 |  3.2
Spellcasting   | 3 |  3.2
Unarmed Combat | |  3.9

Action                     |  1- 3 |  4- 6 || total
---------------------------+-------+-------++-------
  Melee: Unarmed           |    90 |    86 ||   176
         Headbutt          |     8 |    16 ||    24
         Kick              |    12 |    23 ||    35
         Tailslap          |     3 |     8 ||    11
         Punch             |     2 |     3 ||     5
         Dagger            |       |    39 ||    39
   Cast: Beastly Appendage |    35 |    29 ||    64
    Use: Potion            |     1 |       ||     1
         Scroll            |       |     3 ||     3
 Armour: Skin              |    43 |    52 ||    95
  Dodge: Dodged            |    56 |   107 ||   163
